 Dungeon Crawl Stone Soup version 0.19-a0-979-g9f96267 (webtiles) character file.

184 Deemzul the Sneak (level 5, -1/37 HPs)
             Began as an Octopode Monk on July 14, 2016.
             Engulfed by a cloud of steam (8 damage)
             ... on level 4 of the Dungeon.
             The game lasted 00:02:19 (1643 turns).

Deemzul the Sneak (Octopode Monk)                   Turns: 1643, Time: 00:02:20

Health: -1/37      AC:  1    Str: 11    XL:     5   Next: 64%
Magic:  5/5        EV: 14    Int: 16    God:
Gold:   79         SH:  6    Dex: 15    Spells: 0 memorised, 4 levels left

rFire  . . .     SeeInvis .     a - +0 falchion
rCold  . . .     Gourm    .     (no shield)
rNeg   . . .     Faith    .     (helmet restricted)
rPois  .         Spirit   .     l - +6 amulet of reflection
rElec  .         Dismiss  .     i - +4 ring of slaying
rCorr  .         Reflect  +     s - +4 ring of intelligence
SustAt .         Harm     .     (no ring)
MR     .....                    (no ring)
Stlth  +++++.....               (no ring)
                                (no ring)
                                (no ring)
                                (no ring)

@: not resistant to hostile enchantments, quite stealthy
A: almost no armour, amphibious, 8 rings, constrict 8, camouflage 1, gelatinous
body 1
a: no special abilities


You were on level 4 of the Dungeon.
You were not hungry.

You visited 1 branch of the dungeon, and saw 4 of its levels.

You collected 79 gold pieces.

Inventory:

Hand Weapons
 a - a +0 falchion (weapon)
Jewellery
 i - a +4 ring of slaying (left tentacle)
 l - a +6 amulet of reflection (around mantle)
 s - a +4 ring of intelligence (right tentacle)
Scrolls
 c - a scroll of noise {unknown}
 e - a scroll of teleportation {unknown}
 g - a scroll of blinking {unknown}
 h - a scroll of random uselessness {unknown}
 k - a scroll of amnesia {unknown}
 o - a scroll of identify
 p - 3 scrolls of enchant weapon {unknown}
Potions
 f - a potion of brilliance {unknown}
 j - a potion of curing {unknown}
 m - a potion of agility {unknown}
 n - a potion of might
Comestibles
 b - a bread ration
 d - 2 meat rations
 q - a chunk of flesh
 r - a royal jelly


   Skills:
 + Level 3.8 Fighting
 * Level 4.2 Long Blades
 + Level 3.9 Dodging
 + Level 4.5 Stealth


You had 4 spell levels left.
You didn't know any spells.

Dungeon Overview and Level Annotations

Branches:
Dungeon (4/15)
 Temple: D:4-7

Altars:

Annotations:
D:3 Deemzul's ghost, amateur OpMo; Natasha


Innate Abilities, Weirdness & Mutations

You cannot wear most types of armour.
You are amphibious.
You can wear up to eight rings at the same time.
You can use your tentacles to constrict eight enemies at once.
Your skin changes colour to match your surroundings (Stealth+).
Your rubbery body absorbs attacks. (AC +1)


Message History

An orc wizard is nearby!
Put on which piece of jewellery? (? for menu, Esc to quit)
You feel clever.
s - a +4 ring of intelligence (right tentacle)
Found an escape hatch in the floor.
The orc wizard gestures at you while chanting.
The magic dart hits you! The orc wizard casts a spell at you.
The puff of flame hits you!
You closely miss the orc wizard. You grab the orc wizard.
You are engulfed in a cloud of scalding steam.
* * * LOW HITPOINT WARNING * * *
You constrict the orc wizard. The orc wizard completely misses you.
You block the orc wizard's attack.
Unknown command.
You hit the orc wizard but do no damage.
You squeeze the orc wizard!
You kill the orc wizard!
You are engulfed in a cloud of scalding steam.
You die...

.........# #........#
#........# ####
#........# ###...###
#........###.......##
#........##.........#
##........#....≈≈≈....
#......####...≈≈≈≈≈...
###......#.....≈@)..≈≈..
...............≈≈.>.≈≈..
.........#.....≈≈...≈≈..
.###.....####...≈≈≈≈≈...
.# ####### #....≈≈≈....
.# ##.........# .#
##.......## .# ###...###
##


There were no monsters in sight!

Vanquished Creatures
  2 orc wizards (D:4)
  A gnoll (D:1)
  4 adders
  An ooze (D:3)
  3 dart slugs
  3 giant geckos
  3 orcs (D:4)
  A ball python (D:1)
  3 giant cockroaches
  14 goblins
  7 hobgoblins
  2 jackals (D:1)
  A quokka (D:2)
  7 bats
  2 giant newts
  6 kobolds
  4 rats
64 creatures vanquished.

Notes
Turn   | Place    | Note
-------+----------+-------------------------------------------
     0 | D:1      | Deemzul the Octopode Monk began the quest for the Orb.
     0 | D:1      | Reached XP level 1. HP: 16/16 MP: 1/1
   195 | D:1      | Reached XP level 2. HP: 21/21 MP: 2/2
   468 | D:1      | Reached XP level 3. HP: 19/26 MP: 3/3
   884 | D:2      | Reached XP level 4. HP: 24/31 MP: 4/4
  1390 | D:3      | Noticed Natasha
  1395 | D:3      | Noticed Deemzul's ghost (amateur OpMo)
  1459 | D:4      | Reached XP level 5. HP: 34/36 MP: 5/5
  1643 | D:4      | Engulfed by a cloud of steam

Vault maps used:
D:1:      minmay_arrival_cross
D:2:      kennysheep_the_goblin_king
D:3:      yredelemnul_altar_generic, uniq_natasha
D:4:      tgw_sif, minmay_crystal_room

Skill      XL: |  1  2  3  4  5 |
---------------+----------------+-----
Stealth        | 3 4 |  4.5
Long Blades    | 4 |  4.2
Fighting       | |  3.8
Dodging        | |  3.9

Action                   |  1- 3 |  4- 6 || total
-------------------------+-------+-------++-------
Melee: Falchion          |    76 |    45 ||   121
       Constrict         |    23 |    13 ||    36
       Tentacles         |    10 |     6 ||    16
  Use: Scroll            |       |     1 ||     1
 Stab: Sleeping          |    18 |     7 ||    25
       Distracted        |     1 |       ||     1
  Eat: Chunk             |       |     2 ||     2
Armor: Skin              |     2 |       ||     2
Dodge: Dodged            |    35 |    16 ||    51
Block: Other             |     2 |     6 ||     8
       Reflection        |       |     1 ||     1
